Map: Site Delta LE

Players

llllllllllll (SortOf)

  • Race: Zerg Zerg
  • League: Grandmaster
  • Spawn Location: 11:00

llllllllllll - Winner!

  • Race: Protoss Protoss
  • League: Grandmaster
  • Spawn Location: 5:00

VOD

Have the link to the VOD?

Description

Time

  • Played on: April 22, 2024, 11:38 p.m.
  • Length: 5:35
Show
View Real Time Build Order
Export as new Build Order

llllllllllll Zerg 

Build Orders: Hatch First 

Get SALT Encoding   

  12  0:00  Drone  
  13  0:12  Overlord  
  13  0:17  Drone  
  14  0:31  Drone x2  
  16  0:48  Hatchery  
  15  0:51  Drone  
  15  0:55  Drone  
  17  0:57  Drone  
  18  1:09  Extractor  
  17  1:12  Spawning Pool  
  17  1:16  Drone  
  17  1:20  Drone  
  18  1:28  Drone  
  19  1:40  Drone  
  20  1:49  Drone  
  21  2:00  Queen x2  
  25  2:02  Overlord  
  25  2:03  Zergling x2  
  26  2:11  Drone x2  
  28  2:18  Metabolic Boost  
  28  2:21  Drone x2  
  30  2:32  Drone x2  
  30  2:36  Hatchery  
  31  2:42  Queen  
  33  2:46  Overlord  
  33  2:49  Drone  
  34  2:53  Drone  
  34  2:54  Drone  
  36  3:04  Queen, Overlord  
  38  3:09  Drone x3  
  41  3:13  Drone  
  41  3:18  Drone x2  
  44  3:22  Queen  
  44  3:25  Drone  
  47  3:30  Drone  
  48  3:36  Roach Warren, Overlord  
  48  3:38  Overlord  
  47  3:47  Queen  
  49  3:51  Drone  
  49  3:53  Overlord  
  50  3:56  Zergling x12  
  56  4:03  Spore Crawler  
  56  4:04  Spore Crawler  
  56  4:05  Overlord  
  54  4:11  Drone x3  
  57  4:17  Overlord  
  57  4:21  Roach x3  
  57  4:22  Zergling x2  
  63  4:28  Roach x3  
  70  4:32  Roach  
  70  4:33  Overlord, Zergling x2  
  70  4:37  Roach  
  75  4:40  Roach, Zergling x2  
  75  4:53  Roach x3  
  75  4:56  Zergling x2  
  75  4:59  Zergling x2  
  77  5:00  Zergling x12  
  77  5:04  Zergling x4  
  68  5:08  Roach  
  68  5:14  Roach  
Show
View Real Time Build Order
Export as new Build Order

llllllllllll Protoss - Winner!

Build Orders: 1 Gate Expand 

Get SALT Encoding   

  12  0:00  Probe  
  13  0:12  Probe  
  14  0:17  Pylon  
  14  0:24  Probe  
  15  0:30  Assimilator  
  15  0:36  Probe (Chrono Boost)  
  16  0:45  Gateway  
  16  0:48  Probe (Chrono Boost)  
  17  0:53  Probe (Chrono Boost)  
  18  1:02  Probe  
  19  1:15  Probe  
  20  1:22  Nexus  
  20  1:31  Cybernetics Core  
  20  1:34  Probe (Chrono Boost)  
  21  1:41  Pylon  
  21  1:46  Probe (Chrono Boost)  
  22  1:53  Probe (Chrono Boost)  
  23  2:01  Probe (Chrono Boost)  
  23  2:08  Warp Gate, Adept  
  24  2:12  Robotics Facility  
  24  2:13  Probe (Chrono Boost)  
  27  2:18  Probe (Chrono Boost)  
  28  2:29  Probe (Chrono Boost)  
  29  2:34  Probe (Chrono Boost)  
  30  2:38  Stalker  
  30  2:43  Probe (Chrono Boost)  
  34  2:44  Probe (Chrono Boost)  
  34  2:48  Probe (Chrono Boost)  
  35  2:51  Probe  
  35  2:52  Gateway  
  35  2:58  Warp Prism (Chrono Boost)  
  36  3:00  Probe  
  36  3:03  Probe  
  40  3:08  Gateway  
  40  3:11  Gateway  
  40  3:15  Pylon  
  40  3:24  Immortal (Chrono Boost)  
  44  3:31  Gateway  
  44  3:35  Gateway  
  44  3:41  Gateway  
  44  3:50  Pylon  
  44  3:56  Stalker x2  
  44  4:01  Pylon  
  48  4:03  Stalker  
  48  4:05  Zealot  
  52  4:12  Pylon  
  52  4:19  Zealot x2  
  56  4:30  Zealot, Stalker  
  56  4:31  Zealot  
  62  4:32  Zealot  
  62  4:36  Zealot  
  66  4:39  Zealot, Stalker  
  70  4:56  Zealot x2  
  70  4:57  Zealot x2  
  70  4:58  Zealot  
  70  5:03  Zealot x2  
  66  5:19  Zealot, Stalker  
  66  5:20  Zealot x2, Stalker  
  72  5:33  Zealot  
  72  5:35  Stalker  
Tags
 
Add a new tag
Caveats
  • Supply blocks, unpowered buildings, or Contaminate may cause inaccurate times.
  • Supply counts are checked every 10 seconds.